 Dungeon Crawl Stone Soup version 0.18-a0-1797-gc18daef (webtiles) character file.

619 Chiseanne the Chopper (level 7, -5/63 HPs)
             Began as a Deep Dwarf Gladiator on Apr 22, 2016.
             Was an Initiate of Trog.
             Slain by an ogre
             ... wielding a +0 giant spiked club
              (16 damage)
             ... on level 5 of the Dungeon.
             The game lasted 00:08:32 (2972 turns).

Chiseanne the Chopper (Deep Dwarf Gladiator)        Turns: 2972, Time: 00:08:33

Health: -5/63      AC: 10    Str: 22    XL:     7   Next: 21%
Magic:  4/4        EV: 10    Int:  8    God:    Trog [......]
Gold:   231        SH:  0    Dex: 15    Spells: 0 memorised, 6 levels left

rFire  . . .     SeeInvis .     a - +1 war axe
rCold  . . .     Gourm    .     n - +0 chain mail
rNeg   . . .     Faith    .     (no shield)
rPois  .         Spirit   .     c - +0 helmet
rElec  .         Dismiss  .     (no cloak)
rCorr  .         Reflect  .     (no gloves)
SustAt .         Harm     .     (no boots)
MR     +....                    (no amulet)
Stlth  ..........               (no ring)
                                o - +3 ring of strength

@: non-regenerating, somewhat resistant to hostile enchantments, extremely
unstealthy
A: damage resistance, recharge devices, sense surroundings 1, slow regeneration
3
a: Device Recharging, Burn Spellbooks, Renounce Religion


You were on level 5 of the Dungeon.
You worshipped Trog.
Trog was noncommittal.
You were very hungry.

You visited 1 branch of the dungeon, and saw 5 of its levels.

You collected 231 gold pieces.

Inventory:

Hand Weapons
 a - a +1 war axe (weapon)
Missiles
 d - 3 throwing nets (quivered)
 g - 63 bolts
 k - 82 arrows
 l - 55 sling bullets
 m - 14 poisoned needles
 q - 5 tomahawks
Armour
 c - a +0 helmet (worn)
 n - a +0 chain mail (worn)
Jewellery
 o - a +3 ring of strength (left hand)
 y - a cursed amulet of inaccuracy {unknown}
Wands
 e - a wand of heal wounds (3/9)
Scrolls
 s - 3 scrolls of teleportation
Potions
 h - a potion of beneficial mutation {unknown}
 i - a potion of heal wounds {unknown}
 j - 2 potions of curing {unknown}
 t - 2 potions of flight
 x - a potion of resistance {unknown}
 z - a potion of mutation {unknown}
Books
 u - a book of Annihilations

   Spells                             Type                      Level
   a - Poison Arrow                   Conjuration/Poison           6
   b - Chain Lightning                Conjuration/Air              8
   c - Lehudib's Crystal Spear        Conjuration/Earth            8
   d - Glaciate                       Conjuration/Ice              9
   e - Fire Storm                     Conjuration/Fire             9
   Trog disapproves of the use of such an item.
Comestibles
 b - a royal jelly
 f - 4 bread rations
 r - a fruit
 A - a meat ration


   Skills:
 * Level 3.7 Fighting
 * Level 5.4 Axes
 - Level 1.7 Throwing
 * Level 4.0 Armour
 * Level 5.4 Dodging


You had 6 spell levels left.
You didn't know any spells.

Dungeon Overview and Level Annotations

Branches:
Dungeon (5/15)
 Temple: D:4-7

Altars:
Ashenzari
Dithmenos
Sif Muna
Trog

Annotations:
D:4 exclusion: door


Innate Abilities, Weirdness & Mutations

You are resistant to damage.
You can recharge devices by infusing magical energy.
You passively map a small area around you.
You do not regenerate naturally.


Message History

The howler monkey bites you but does no damage.
The ogre hits you with a giant spiked club.
The howler monkey barely misses you.
The howler monkey bites you but does no damage.
You barely miss the ogre.
The ogre is lightly wounded.
You hit the howler monkey.
The howler monkey is heavily wounded.
The howler monkey hits you. The howler monkey barely misses you.
The ogre hits you with a giant spiked club!!
* * * LOW HITPOINT WARNING * * *
You slash the ogre!
The ogre is severely wounded.
You hit the howler monkey.
The howler monkey is severely wounded.
The howler monkey hits you but does no damage.
The howler monkey barely misses you. The howler monkey closely misses you.
The howler monkey bites you but does no damage.
The ogre hits you with a giant spiked club!
You die...

, ,...# , ...... *
. ** *..#... , .##
...... * ..# ,
.....# *
#,**#.#*** *
...... #. #.# ,,
..#...
#..##O###.###
#.....
#.h@$......# #...#
####.###.#. ###..
* * #.....# , *
#.. ##..### ,
.####. * * *
*#....###### .....
* ,*
#..##.....<#####..
#.# ######....##..
* ...* ####.##..
#..# #..#..


You could see an ogre and a howler monkey.

Vanquished Creatures
  Menkaure (D:4)
  A centaur (D:5)
  A howler monkey (D:4)
  2 orc priests (D:4)
  An orc wizard (D:4)
  A giant frog skeleton (D:5)
  Natasha (D:2)
  2 worker ants (D:5)
  A hound zombie (D:5)
  9 adders
  2 oozes
  An adder zombie (D:5)
  3 worms
  A dart slug (D:2)
  7 giant geckos
  3 orcs (D:4)
  5 giant cockroaches
  3 goblins
  7 hobgoblins
  3 jackals (D:4)
  6 kobolds
  2 quokkas
  A ball python (D:2)
  7 bats
  6 giant newts
  7 rats
84 creatures vanquished.

Notes
Turn   | Place    | Note
--------------------------------------------------------------
     0 | D:1      | Chiseanne the Deep Dwarf Gladiator began the quest for the Orb.
     0 | D:1      | Reached XP level 1. HP: 19/19 MP: 1/1
   101 | D:1      | Reached XP level 2. HP: 21/26 MP: 2/2
   445 | D:1      | Reached skill level 1 in Armour
   907 | D:2      | Reached XP level 3. HP: 22/32 MP: 3/3
  1121 | D:2      | Reached XP level 4. HP: 18/39 MP: 4/4
  1292 | D:2      | Found a shattered altar of Ashenzari.
  1359 | D:2      | Noticed Natasha
  1364 | D:2      | Killed Natasha
  1641 | D:3      | Reached XP level 5. HP: 32/46 MP: 5/5
  1995 | D:3      | You fall through a shaft for 2 floors!
  1995 | D:5      | Entered Level 5 of the Dungeon
  2013 | D:5      | Noticed a centaur
  2029 | D:5      | Killed a centaur
  2029 | D:5      | Reached XP level 6. HP: 13/56 MP: 6/6
  2140 | D:4      | Noticed Menkaure
  2155 | D:4      | Killed Menkaure
  2155 | D:4      | Reached skill level 5 in Axes
  2155 | D:4      | Reached skill level 5 in Dodging
  2528 | D:4      | Reached XP level 7. HP: 45/62 MP: 5/5
  2575 | D:4      | Found a bloodstained altar of Trog.
  2580 | D:4      | Became a worshipper of Trog the Wrathful
  2783 | D:4      | Found a deep blue altar of Sif Muna.
  2862 | D:4      | Found a shadowy altar of Dithmenos.
  2972 | D:5      | Slain by an ogre

Vault maps used:
D:1:      lightli_arrival_boilingwater
D:2:      nicolae_ashenzari_panopticon, uniq_natasha
D:3:      first_bread
D:4:      lemuel_doored_altar, nicolae_dithmenos_through_a_glass_darkly,
          grunt_ministairs_2, led_sif_book, uniq_menkaure
D:5:      temple_fountains, kennysheep_doodads

Skill      XL: |  1  2  3  4  5  6  7 |
---------------+----------------------+-----
Fighting       | 2 3 |  3.7
Armour         | 1 2 3 4 |  4.0
Axes           | 4 5 |  5.4
Dodging        | 4 5 |  5.4
Throwing       | |  1.7

Action                   |  1- 3 |  4- 6 |  7- 9 || total
-------------------------+-------+-------+-------++-------
Melee: War axe           |   111 |   143 |    33 ||   287
 Abil: Device Recharging |       |     2 |     1 ||     3
Evoke: Wand              |     2 |     6 |     5 ||    13
  Use: Scroll            |     4 |     2 |     2 ||     8
 Stab: Sleeping          |     1 |       |       ||     1
  Eat: Chunk             |     1 |     5 |       ||     6
Armor: Leather armour    |    31 |     5 |       ||    36
       Chain mail        |       |   111 |    23 ||   134
Dodge: Dodged            |    65 |    98 |    29 ||   192
